 Dungeon Crawl Stone Soup version 0.29.1-12-g30fa7ad0bf (webtiles) character file.

Game seed: 17594573650135856814

396 Radix the Digger (level 6, -1/32 HPs)
             Began as a Gargoyle Earth Elementalist on Dec 19, 2022.
             Killed from afar by an electric eel (3 damage)
             ... with a bolt of electricity
             ... on level 3 of the Dungeon.
             The game lasted 00:15:27 (2836 turns).

Radix the Digger (Gargoyle Earth Elementalist)      Turns: 2836, Time: 00:15:28

Health: -1/32      AC:  7    Str: 11    XL:     6   Next: 82%
Magic:  2/13       EV: 11    Int: 18    God:
Gold:   261        SH:  0    Dex: 10    Spells: 10/14 levels left

rFire   . . .      SeeInvis .   o - +4 scythe (vorpal)
rCold   . . .      Faith    .   (shield currently unavailable)
rNeg    + . .      Spirit   .   a - +0 robe
rPois   ∞          Reflect  .   (no helmet)
rElec   +          Harm     .   q - +0 cloak
rCorr   .          Rampage  .   (no gloves)
Will    .....                   (no boots)
Stlth   ++........              (no amulet)
HPRegen 0.10/turn               (no ring)
MPRegen 0.13/turn               (no ring)

@: no status effects
A: sickness immunity, AC +4, negative energy resistance 1, electricity
resistance, torment resistance 1, petrification resistance
a: no special abilities


You were on level 3 of the Dungeon.
You visited 1 branch of the dungeon, and saw 3 of its levels.

You collected 261 gold pieces.

Inventory:

Hand Weapons
 d - a +0 rapier
 o - a +4 vorpal scythe (weapon)
Armour
 a - a +0 robe (worn)
 q - a +0 cloak (worn)
Wands
 r - a wand of light (10)
 t - a wand of flame (16)
Scrolls
 c - 3 scrolls of blinking {unknown}
 e - a scroll of amnesia {unknown}
 g - a scroll of brand weapon {unknown}
 h - 2 scrolls of teleportation {unknown}
 j - 2 scrolls of enchant armour {unknown}
 l - a scroll of identify {unknown}
 m - a scroll of fear {unknown}
 s - a scroll of acquirement {unknown}
Potions
 b - a potion of magic
 f - 3 potions of brilliance {unknown}
 i - a potion of heal wounds
 k - a potion of lignification {unknown}
 n - a potion of haste {unknown}
 p - 2 potions of curing {unknown}


   Skills:
 - Level 1.5 Dodging
 - Level 2.1 Stealth
 + Level 4.7 Spellcasting
 - Level 0.7 Transmutations
 + Level 6.8 Earth Magic


You had 10 spell levels left.
You knew the following spells:

 Your Spells              Type           Power      Damage    Failure   Level
a - Sandblast             Erth           56%        2d13      1%          1
b - Stone Arrow           Conj/Erth      32%        3d9       10%         3

Your spell library contained the following spells:

 Spells                   Type           Power      Damage    Failure   Level
 Passwall                 Tmut/Erth      14%        N/A       4%          2
 Petrify                  Tmut/Erth      17%        N/A       28%         4
 Gell's Gravitas          Tloc           4%         N/A       38%         3
 Lesser Beckoning         Tloc           4%         N/A       38%         3
 Teleport Other           Tloc           4%         N/A       38%         3
 Metabolic Englaciation   Hex/Ice        2%         N/A       98%         5
 Statue Form              Tmut/Erth      Unusable   N/A       N/A         6

Dungeon Overview and Level Annotations

Branches:
Dungeon (3/15)

Altars:

Shops:
D:1 (

Annotations:
D:3 1 transporter


Innate Abilities, Weirdness & Mutations

You are immune to sickness and miasma.
Your stone body is resilient. (AC +4)
You are immune to poison.
You resist negative energy. (rN+)
You are resistant to electric shocks. (rElec)
You are resistant to unholy torment.
You are immune to petrification.


Message History

Aiming: Sandblast (safe; 1% risk of failure)
Press: ? - help, Q - select action, (/) - cycle Shift-Dir - straight line, f - electric eel
Aim: an electric eel (72% to hit)
The blast of sand hits the electric eel!
The electric eel is severely wounded.
The electric eel shoots out a bolt of lightning at you!
The bolt of electricity hits you. You resist. The bolt of electricity hits you.
You resist.
The bolt of electricity hits the plant!
The plant begins to die.
The electric eel shoots out a bolt of lightning at you!
The bolt of electricity hits you. You resist. The bolt of electricity hits you.
You resist.
The bolt of electricity hits the plant!
Aiming: Sandblast (safe; 1% risk of failure)
Press: ? - help, Q - select action, (/) - cycle Shift-Dir - straight line, f/p - electric eel
Aim: an electric eel (severely wounded, 72% to hit)
The blast of sand hits the electric eel!
You kill the electric eel!
You hear a splash.
The electric eel shoots out a bolt of lightning at you!
The bolt of electricity misses you. The bolt of electricity hits you.
You resist.
The bolt of electricity hits the plant!
Aiming: Sandblast (safe; 1% risk of failure)
Press: ? - help, Q - select action, (/) - cycle Shift-Dir - straight line, f - electric eel
Aim: an electric eel (72% to hit)
The blast of sand misses the electric eel.
A nearby plant withers and dies.
Unknown command.
Aiming: Sandblast (safe; 1% risk of failure)
Press: ? - help, Q - select action, (/) - cycle Shift-Dir - straight line, f/p - electric eel
Aim: an electric eel (72% to hit)
The blast of sand hits the electric eel!
The electric eel is severely wounded.
A nearby plant withers and dies.
The electric eel shoots out a bolt of lightning at you!
The bolt of electricity hits you. You resist.
* * * LOW HITPOINT WARNING * * *
The bolt of electricity hits you. You resist.
* * * LOW HITPOINT WARNING * * *
The electric eel shoots out a bolt of lightning at you!
The bolt of electricity hits you. You resist.
You die...

..# #.###### #.# ####### #.# #.#
#.)...###.######
########.######.###...........
#.................#####.#####.
#.###############.# #.# #.
##.#8P#~~~~~~†#~8#.## #.# #.
###..#..#.......#..#..####.#####.
#...©#©(+...⌠...@.©#©..##........
#.#..#..#.......#..#...........†.
#.##.#8P#~~~~~~S#~8#.......#####.
.....###############..####.# #..
####.................[####.# #.#
##############..##...##.# #.
.......###.##.# #. ###...###.##.#
#. #.......#.##.# #.


You could see an electric eel.

Vanquished Creatures
  Sigmund (D:2)
  2 electric eels (D:3)
  Natasha (thrice) (D:2)
  3 adders
  A worm (D:3)
  5 dart slugs
  3 endoplasms (D:1)
  A giant cockroach (D:2)
  9 goblins
  2 hobgoblins (D:2)
  4 jackals (D:2)
  3 kobolds
  2 quokkas (D:2)
  4 ball pythons
  A bat (D:1)
  A frilled lizard (D:1)
  5 rats
50 creatures vanquished.

Vanquished Creatures (others)
  2 plants (D:3)
2 creatures vanquished.

Grand Total: 52 creatures vanquished

Notes
Turn   | Place    | Note
-------+----------+-------------------------------------------
     0 | D:1      | Radix the Gargoyle Earth Elementalist began the quest for
                  | the Orb.
     0 | D:1      | Reached XP level 1. HP: 10/10 MP: 3/3
    36 | D:1      | Found a faded altar of an unknown god.
   280 | D:1      | Reached XP level 2. HP: 15/15 MP: 3/5
   338 | D:1      | Reached skill level 4 in Earth Magic
   707 | D:1      | Found Kacy's Antique Weapon Shop.
  1009 | D:2      | Reached XP level 3. HP: 19/19 MP: 3/6
  1300 | D:2      | Noticed Natasha
  1303 | D:2      | Killed Natasha
  1304 | D:2      | Reached XP level 4. HP: 24/24 MP: 5/8
  1435 | D:2      | Noticed Sigmund
  1523 | D:2      | Noticed Natasha
  1527 | D:2      | Killed Natasha
  1528 | D:2      | Reached skill level 5 in Earth Magic
  1534 | D:2      | Learned a level 3 spell: Stone Arrow
  1731 | D:2      | Noticed Natasha
  1736 | D:2      | Killed Natasha
  1737 | D:2      | Reached XP level 5. HP: 28/28 MP: 1/10
  2109 | D:2      | Killed Sigmund
  2110 | D:2      | Reached skill level 6 in Earth Magic
  2110 | D:2      | Reached XP level 6. HP: 17/32 MP: 8/12
  2709 | D:3      | Found a transporter.
  2780 | D:3      | Found a transporter.
  2836 | D:3      | Killed from afar by an electric eel

Illustrated notes

Levels and vault maps discovered:
D:1:      zelgadis_glass_arrival_small, layout_rooms, serial_shops,
          shop_fountains, hellmonk_ecumenical_altar_arch_garden
D:2:      layout_loops_ring, minmay_misc_feat_cross, minmay_goblin_kobold_house,
          uniq_natasha, uniq_sigmund
D:3:      gammafunk_steamed_eel, layout_loops_ring, mainiacjoe_overflow_alcove_2

Skill      XL: |  1  2  3  4  5 |
---------------+----------------+-----
Earth Magic    | 4 5 6 |  6.8
Spellcasting   | 3 4 |  4.7
Dodging        | |  1.5
Stealth        | |  2.1
Transmutations | |  0.7

Action                   |  1- 3 |  4- 6 || total
-------------------------+-------+-------++-------
Melee: Rapier            |    10 |     7 ||    17
 Cast: Sandblast         |    30 |    51 ||    81
Armor: Robe              |     3 |    10 ||    13
Dodge: Dodged            |     7 |    17 ||    24
